AAA
NEW YORK COMETS @ FORT WAYNE HERONS
05/15/2063
 
TOP OF THE 1ST
New York Comets batting - Pitching for Fort Wayne Herons : RHP Levi Stephens
Pitching: RHP Levi Stephens
Batting: RHB Brock Jackson 0-0: Foul Ball, location: 2F
0-1: Ball
1-1: Foul Ball, location: 2F
1-2: Ball
2-2: SINGLE (Groundball, 56D, EV 96.2 MPH)
Batting: LHB Benjamin Guy 0-0: Foul Ball, location: 2F
0-1: Reached on error, E3 (Groundball, 3, EV 81.2 MPH)
Brock Jackson to second
Batting: LHB Montell Johnson 0-0: Ball
1-0: Foul Ball, location: 2F
1-1: Called Strike
1-2: Fielders Choice at 2nd, 6-4 (Groundball, 56, EV 88.1 MPH)
Brock Jackson to third
Batting: RHB Chandler Penrod 0-0: Called Strike
0-1: Grounds into double play, 5-4-3 (Groundball, 56, EV 86.2 MPH)
Top of the 1st over - 0 runs, 1 hit, 1 error, 1 left on base; New York 0 - Fort Wayne 0
BOTTOM OF THE 1ST
Fort Wayne Herons batting - Pitching for New York Comets : LHP Alan Miller
Pitching: LHP Alan Miller
Batting: RHB Brian Panek 0-0: Called Strike
0-1: Swinging Strike
0-2: Ball
1-2: DOUBLE (Line Drive, 78D, EV 100.0 MPH)
Batting: RHB Taylor Hughes 0-0: Called Strike
0-1: Called Strike
0-2: Fly out, F9 (Flyball, 9, EV 86.2 MPH)
Runner from 2nd tags up, SAFE at 3rd with throw by RF
Batting: LHB Alec Nelson 0-0: Called Strike
0-1: Called Strike
0-2: Ball
1-2: Ball
2-2: 2-RUN HOME RUN (Flyball, 89XD, EV 101.9 MPH), Distance : 427 ft
Batting: RHB Kaileb Romero 0-0: Ball
1-0: Called Strike
1-1: Fly out, F6 (Line Drive, 6M, EV 65.0 MPH)
Batting: RHB Scott Baisley 0-0: Ball
1-0: Ground out 1-3 (Groundball, 13S, EV 62.5 MPH)
Bottom of the 1st over - 2 runs, 2 hits, 0 errors, 0 left on base; New York 0 - Fort Wayne 2
TOP OF THE 2ND
New York Comets batting - Pitching for Fort Wayne Herons : RHP Levi Stephens
Batting: LHB Damian Counts 0-0: Ball
1-0: Called Strike
1-1: Ball
2-1: Foul Ball, location: 2F
2-2: Strikes out swinging
Batting: RHB Jasper Humphries 0-0: Ball
1-0: Ball
2-0: Swinging Strike
2-1: Ball
3-1: Swinging Strike
3-2: Strikes out looking
Batting: SHB Chase Davison 0-0: Called Strike
0-1: Foul Ball, location: 2F
0-2: Strikes out swinging, 2-3 out at first.
Top of the 2nd over - 0 runs, 0 hits, 0 errors, 0 left on base; New York 0 - Fort Wayne 2
BOTTOM OF THE 2ND
Fort Wayne Herons batting - Pitching for New York Comets : LHP Alan Miller
Batting: SHB T.J. Carter 0-0: Ball
1-0: Ball
2-0: Foul Ball, location: 2F
2-1: Foul Ball, location: 2F
2-2: Ground out 1-3 (Groundball, 13S, EV 70.6 MPH)
Batting: RHB Garret Miller 0-0: Called Strike
0-1: Swinging Strike
0-2: Strikes out looking
Batting: RHB Cole Segal 0-0: Ball
1-0: Foul Ball, location: 2F
1-1: Swinging Strike
1-2: Foul Ball, location: 2F
1-2: Ball
2-2: Foul Ball, location: 2F
2-2: Foul Ball, location: 2F
2-2: Fly out, F6 (Line Drive, 4M, EV 69.4 MPH)
Bottom of the 2nd over - 0 runs, 0 hits, 0 errors, 0 left on base; New York 0 - Fort Wayne 2
TOP OF THE 3RD
New York Comets batting - Pitching for Fort Wayne Herons : RHP Levi Stephens
Batting: SHB Brannon Acevedo 0-0: Fly out, F2 (Popup, 25F, EV 82.5 MPH)
Batting: RHB Israel Coates 0-0: SINGLE (Groundball, 6MD, EV 97.5 MPH)
Batting: RHB Brock Jackson 0-0: DOUBLE (Line Drive, 78D, EV 105.6 MPH)
Israel Coates to third
Israel Coates scores
Batting: LHB Benjamin Guy 0-0: Ball
1-0: Foul Ball, location: 2F
1-1: Called Strike
1-2: Fly out, F8 (Flyball, 8RD, EV 101.9 MPH)
Batting: LHB Montell Johnson 0-0: Ball
1-0: Swinging Strike
1-1: Foul Ball, location: 2F
1-2: Ball
2-2: 2-RUN HOME RUN (Flyball, 78XD, EV 104.4 MPH), Distance : 404 ft
Batting: RHB Chandler Penrod 0-0: Fly out, F8 (Flyball, 8LD, EV 81.2 MPH)
Top of the 3rd over - 3 runs, 3 hits, 0 errors, 0 left on base; New York 3 - Fort Wayne 2
BOTTOM OF THE 3RD
Fort Wayne Herons batting - Pitching for New York Comets : LHP Alan Miller
Batting: SHB Weston Borron 0-0: Ball
1-0: Swinging Strike
1-1: Called Strike
1-2: Ball
2-2: Strikes out looking
Batting: RHB Brian Panek 0-0: Called Strike
0-1: Fly out, F8 (Flyball, 8LM, EV 85.0 MPH)
Batting: RHB Taylor Hughes 0-0: Called Strike
0-1: DOUBLE (Line Drive, 7LS, EV 97.5 MPH)
Batting: LHB Alec Nelson 0-0: Ball
1-0: Swinging Strike
1-1: Foul Ball, location: 2F
1-2: Ball
2-2: Foul Ball, location: 2F
2-2: Ball
3-2: Base on Balls
Batting: RHB Kaileb Romero 0-0: Ground out U3 (Groundball, 34S, EV 86.9 MPH)
Bottom of the 3rd over - 0 runs, 1 hit, 0 errors, 2 left on base; New York 3 - Fort Wayne 2
TOP OF THE 4TH
New York Comets batting - Pitching for Fort Wayne Herons : RHP Levi Stephens
Batting: LHB Damian Counts 0-0: SINGLE (Line Drive, 8RS, EV 98.1 MPH)
Batting: RHB Jasper Humphries 0-0: Called Strike
0-1: Ball
1-1: Foul Ball, location: 2F
1-2: Grounds into double play, 4-6-3 (Groundball, 4, EV 101.2 MPH)
Batting: SHB Chase Davison 0-0: Ball
1-0: Ball
2-0: Foul Ball, location: 2F
2-1: Ball
3-1: DOUBLE (Line Drive, 8RXD, EV 100.0 MPH)
Batting: SHB Brannon Acevedo 0-0: Called Strike
0-1: Swinging Strike
0-2: Foul Ball, location: 2F
0-2: Strikes out swinging
Top of the 4th over - 0 runs, 2 hits, 0 errors, 1 left on base; New York 3 - Fort Wayne 2
BOTTOM OF THE 4TH
Fort Wayne Herons batting - Pitching for New York Comets : LHP Alan Miller
Batting: RHB Scott Baisley 0-0: Ball
1-0: Called Strike
1-1: Ball
2-1: Ground out 5-3 (Groundball, 56, EV 81.9 MPH)
Batting: SHB T.J. Carter 0-0: Swinging Strike
0-1: Ball
1-1: Ball
2-1: Swinging Strike
2-2: Ball
3-2: Base on Balls
Batting: RHB Garret Miller 0-0: Foul Ball, location: 2F
0-1: Fly out, F8 (Flyball, 8LD, EV 97.5 MPH)
Batting: RHB Cole Segal 0-0: Called Strike
T.J. Carter is caught stealing 2nd base 2-4
Bottom of the 4th over - 0 runs, 0 hits, 0 errors, 0 left on base; New York 3 - Fort Wayne 2
TOP OF THE 5TH
New York Comets batting - Pitching for Fort Wayne Herons : RHP Levi Stephens
Batting: RHB Israel Coates 0-0: Fly out, F8 (Line Drive, 8RM, EV 96.2 MPH)
Batting: RHB Brock Jackson 0-0: Ball
1-0: Called Strike
1-1: Called Strike
1-2: Ball
2-2: Fly out, F8 (Flyball, 8RXD, EV 90.0 MPH)
Batting: LHB Benjamin Guy 0-0: Called Strike
0-1: Ball
1-1: Ball
2-1: Foul Ball, location: 2F
2-2: Foul Ball, location: 2F
2-2: SINGLE (Line Drive, 8LS, EV 90.6 MPH)
Batting: LHB Montell Johnson 0-0: Called Strike
0-1: Swinging Strike
0-2: Ball
1-2: Ball
2-2: Strikes out swinging
Top of the 5th over - 0 runs, 1 hit, 0 errors, 1 left on base; New York 3 - Fort Wayne 2
BOTTOM OF THE 5TH
Fort Wayne Herons batting - Pitching for New York Comets : LHP Alan Miller
Batting: RHB Cole Segal 0-0: Called Strike
0-1: Ball
1-1: Ball
2-1: Foul Ball, location: 2F
2-2: Strikes out looking
Batting: SHB Weston Borron 0-0: Ball
1-0: Ball
2-0: Ball
3-0: Base on Balls
Batting: RHB Brian Panek 0-0: Ball
Weston Borron is caught stealing 2nd base 2-4
1-0: Ball
2-0: Called Strike
2-1: Fly out, F8 (Line Drive, 8RD, EV 96.9 MPH)
Bottom of the 5th over - 0 runs, 0 hits, 0 errors, 0 left on base; New York 3 - Fort Wayne 2
TOP OF THE 6TH
New York Comets batting - Pitching for Fort Wayne Herons : RHP Levi Stephens
Batting: RHB Chandler Penrod 0-0: Swinging Strike
0-1: SINGLE (Groundball, 34D, EV 95.6 MPH)
Batting: LHB Damian Counts 0-0: Ball
1-0: Called Strike
1-1: 2-RUN HOME RUN (Flyball, 89XD, EV 115.0 MPH), Distance : 420 ft
Pitching: RHP Nolan Olinger
Batting: RHB Jasper Humphries 0-0: Foul Ball, location: 2F
0-1: Swinging Strike
0-2: Strikes out swinging
Batting: SHB Chase Davison 0-0: Called Strike
0-1: Ball
1-1: Fly out, F7 (Flyball, 78M, EV 90.0 MPH)
Batting: SHB Brannon Acevedo 0-0: Swinging Strike
0-1: Foul Ball, location: 2F
0-2: Strikes out looking
Top of the 6th over - 2 runs, 2 hits, 0 errors, 0 left on base; New York 5 - Fort Wayne 2
BOTTOM OF THE 6TH
Fort Wayne Herons batting - Pitching for New York Comets : LHP Alan Miller
Pitching: RHP Nash Austin
Batting: RHB Taylor Hughes 0-0: Fly out, F9 (Flyball, 89XD, EV 95.6 MPH)
Batting: LHB Alec Nelson 0-0: Ball
1-0: Ball
2-0: Called Strike
2-1: Ball
3-1: Called Strike
3-2: Strikes out swinging
Batting: RHB Kaileb Romero 0-0: Called Strike
0-1: Ball
1-1: Foul Ball, location: 2F
1-2: Foul Ball, location: 2F
1-2: Ball
2-2: DOUBLE (Line Drive, 5D, EV 100.6 MPH)
Batting: RHB Scott Baisley 0-0: SINGLE (Flyball, 89S, EV 88.1 MPH)
Kaileb Romero to third
Runner from 3rd tries for Home, SAFE, throw by RF to home
Batting: SHB T.J. Carter 0-0: Ball
1-0: Foul Ball, location: 2F
1-1: Ball
2-1: Ball
3-1: Fly out, F5 (Popup, 5SF, EV 80.6 MPH)
Bottom of the 6th over - 1 run, 2 hits, 0 errors, 1 left on base; New York 5 - Fort Wayne 3
TOP OF THE 7TH
New York Comets batting - Pitching for Fort Wayne Herons : RHP Nolan Olinger
Batting: RHB Israel Coates 0-0: Ball
1-0: Ball
2-0: Ball
3-0: Base on Balls
Batting: RHB Brock Jackson 0-0: Sac Bunt to P - play at first, batter OUT! 1-3
Israel Coates to second
Batting: LHB Benjamin Guy 0-0: Swinging Strike
0-1: Ball
1-1: DOUBLE (Line Drive, 7LM, EV 108.1 MPH)
Israel Coates scores
Batting: LHB Montell Johnson 0-0: Intentional Walk
Batting: RHB Chandler Penrod 0-0: Called Strike
0-1: Foul Ball, location: 2F
0-2: Ball
1-2: Ball
2-2: Ball
3-2: Base on Balls
Benjamin Guy to third
Montell Johnson to second
Batting: LHB Damian Counts 0-0: Foul Ball, location: 2F
0-1: Ball
1-1: Ball
2-1: SINGLE (Groundball, 4MD, EV 110.0 MPH)
Benjamin Guy scores
Montell Johnson to third
Chandler Penrod to second
Batting: RHB Jasper Humphries 0-0: Fly out, F2 (Popup, 23F, EV 86.9 MPH)
Batting: SHB Chase Davison 0-0: Called Strike
0-1: Ball
1-1: Ground out 5-3 (Groundball, 56S, EV 84.4 MPH)
Top of the 7th over - 2 runs, 2 hits, 0 errors, 3 left on base; New York 7 - Fort Wayne 3
BOTTOM OF THE 7TH
Fort Wayne Herons batting - Pitching for New York Comets : RHP Nash Austin
Batting: RHB Garret Miller 0-0: Called Strike
0-1: Called Strike
0-2: Ball
1-2: Ball
2-2: Foul Ball, location: 2F
2-2: Foul Ball, location: 2F
2-2: Strikes out looking
Batting: RHB Cole Segal 0-0: Called Strike
0-1: SINGLE (Flyball, 6D, EV 91.2 MPH)
Batting: SHB Weston Borron 0-0: Called Strike
0-1: Ball
1-1: DOUBLE (Line Drive, 78M, EV 104.4 MPH)
Cole Segal to third
Runner from 3rd tries for Home, SAFE, throw by LF to trailing runner, SAFE at third!
Batting: RHB Brian Panek 0-0: Foul Ball, location: 2F
0-1: Ball
1-1: Ball
2-1: Ball
3-1: Ground out 6-3 (Groundball, 6, EV 91.2 MPH)
Weston Borron scores
Batting: RHB Taylor Hughes 0-0: Swinging Strike
0-1: Ball
1-1: Foul Ball, location: 2F
1-2: Foul Ball, location: 2F
1-2: Ground out 6-3 (Groundball, 6, EV 85.6 MPH)
Bottom of the 7th over - 2 runs, 2 hits, 0 errors, 0 left on base; New York 7 - Fort Wayne 5
TOP OF THE 8TH
New York Comets batting - Pitching for Fort Wayne Herons : RHP Nolan Olinger
Batting: SHB Brannon Acevedo 0-0: Ball
1-0: Foul Ball, location: 2F
1-1: Ball
2-1: Foul Ball, location: 2F
2-2: Ground out U3 (Groundball, 34, EV 85.6 MPH)
Batting: RHB Israel Coates 0-0: SINGLE (Flyball, 6D, EV 98.8 MPH)
Batting: RHB Brock Jackson 0-0: SINGLE (Line Drive, 34D, EV 100.6 MPH)
Israel Coates to second
Israel Coates to third
Pitching: LHP Edwin Nolan
Batting: LHB Benjamin Guy 0-0: Ball
1-0: Foul Ball, location: 2F
1-1: Swinging Strike
1-2: Ball
2-2: Ball
3-2: Fly out, F8 (Flyball, 8LM, EV 88.1 MPH)
Runner from 3rd tags up, SCORES, throw by CF
Batting: LHB Montell Johnson 0-0: Swinging Strike
0-1: Ball
1-1: Ball
2-1: DOUBLE (Groundball, 5L, EV 103.1 MPH)
Brock Jackson to third
Batting: RHB Chandler Penrod 0-0: Ball
1-0: Fly out, F9 (Line Drive, 9D, EV 84.4 MPH)
Top of the 8th over - 1 run, 3 hits, 0 errors, 2 left on base; New York 8 - Fort Wayne 5
BOTTOM OF THE 8TH
Fort Wayne Herons batting - Pitching for New York Comets : RHP Nash Austin
Pitching: RHP Leodis Tra
Batting: LHB Alec Nelson 0-0: DOUBLE (Line Drive, 9LS, EV 91.2 MPH)
Batting: RHB Kaileb Romero 0-0: Foul Ball, location: 2F
0-1: Foul Ball, location: 2F
0-2: Foul Ball, location: 2F
0-2: Ball
1-2: Ball
2-2: Ball
3-2: Strikes out looking
Pinch Hitting: LHB Braden Tallman 0-0: Ball
1-0: Swinging Strike
1-1: Foul Ball, location: 2F
1-2: Foul Ball, location: 2F
1-2: Ball
2-2: Ball
3-2: Foul Ball, location: 2F
3-2: Fly out, F6 (Popup, 6D, EV 50.0 MPH)
Batting: SHB T.J. Carter 0-0: Ball
1-0: Ball
2-0: Swinging Strike
2-1: Ball
3-1: Foul Ball, location: 2F
3-2: Strikes out looking
Bottom of the 8th over - 0 runs, 1 hit, 0 errors, 1 left on base; New York 8 - Fort Wayne 5
TOP OF THE 9TH
New York Comets batting - Pitching for Fort Wayne Herons : LHP Edwin Nolan
Now at 1B: Alec Nelson
Now in LF: Braden Tallman
Batting: LHB Damian Counts 0-0: Foul Ball, location: 2F
0-1: Swinging Strike
0-2: SINGLE (Groundball, 5L, EV 98.1 MPH) (infield hit)
Batting: RHB Jasper Humphries 0-0: Ball
1-0: Ball
2-0: Fielders Choice at 2nd, 6-4 (Groundball, 6S, EV 86.2 MPH)
Pitching: LHP Hagen Huerta
Batting: SHB Chase Davison 0-0: Reached on error, E4 (Groundball, 4S, EV 80.0 MPH)
Jasper Humphries to second
Batting: SHB Brannon Acevedo 0-0: Fielders Choice at 2nd, 6-4 (Groundball, 6, EV 90.6 MPH)
Jasper Humphries to third
Batting: RHB Israel Coates 0-0: Called Strike
0-1: Ball
1-1: Ball
2-1: Swinging Strike
2-2: Strikes out swinging
Top of the 9th over - 0 runs, 1 hit, 1 error, 2 left on base; New York 8 - Fort Wayne 5
BOTTOM OF THE 9TH
Fort Wayne Herons batting - Pitching for New York Comets : RHP Leodis Tra
Pitching: LHP Reuben Yoshida
Batting: RHB Garret Miller 0-0: Called Strike
0-1: Swinging Strike
0-2: Ball
1-2: Ball
2-2: Ball
3-2: Base on Balls
Batting: RHB Cole Segal 0-0: Called Strike
0-1: Ball
1-1: Foul Ball, location: 2F
1-2: Strikes out swinging
Batting: SHB Weston Borron 0-0: Called Strike
0-1: Ball
1-1: Foul Ball, location: 2F
1-2: Ball
2-2: Strikes out swinging
Batting: RHB Brian Panek 0-0: Ball
1-0: Ball
2-0: Called Strike
2-1: Fly out, F8 (Flyball, 8LD, EV 95.0 MPH)
Bottom of the 9th over - 0 runs, 0 hits, 0 errors, 1 left on base; New York 8 - Fort Wayne 5
Friday, November 8th , 2024 - OOTP Baseball 23.10 Build 110